General information
- name: BNet
- type: Ladder 1vs1/FFA
- host: Battle.net
- saver: Rush[yyz]
map: LostTemple
- players: 2
- length: 16:52
- speed: Fast
- version: 1.24 W3XP
- replay type: Public
» download(68 KB)
Players
team 1 (loser)
rob[u]st (
pink | 111 APM | 1844 actions | 16:34)
3 Archmage
2 Summon Water Elemental
1 Brilliance Aura
2 Mountain King
1 Storm Bolt
1 Thunder Clap
» actions
| Assign group hotkey | 130 | |
| Basic commands | 21 | |
| Build / train | 72 | |
| Enter build submenu | 24 | |
| Enter hero's abilities submenu | 5 | |
| Give item / drop item | 3 | |
| Right click | 756 | |
| Select / deselect | 303 | |
| Select group hotkey | 440 | |
| Use ability | 90 | |
1844 total
» units
| Peasant | 22 | |
| Footman | 11 | |
| Spell Breaker | 4 | |
| Sorceress | 2 | |
| Rifleman | 2 | |
41 total
» upgrades
| Masonry | 1 | |
| Plating | 1 | |
| Lumber Harvesting | 1 | |
3 total
» buildings
| Altar of Kings | 1 | |
| Farm | 10 | |
| Barracks | 1 | |
| Lumber Mill | 1 | |
| Scout Tower | 4 | |
| Guard Tower | 6 | |
| Keep | 1 | |
| Blacksmith | 1 | |
| Arcane Vault | 1 | |
| Arcane Sanctum | 2 | |
| Town Hall | 1 | |
29 total
» build order
00:07 Altar of Kings
00:21 Farm
00:22 Barracks
00:59 Farm
01:45 Farm
03:08 Lumber Mill
03:15 Farm
04:15 Farm
04:57 Scout Tower
05:21 Guard Tower
05:30 Scout Tower
05:54 Guard Tower
05:54 Guard Tower
06:32 Scout Tower
06:54 Guard Tower
07:01 Scout Tower
07:19 Keep
07:26 Farm
07:37 Guard Tower
07:54 Blacksmith
08:26 Arcane Vault
08:35 Farm
08:38 Farm
08:42 Farm
09:56 Arcane Sanctum
10:48 Arcane Sanctum
12:42 Town Hall
12:54 Farm
» items
| Boots of Speed | 2 | |
| Dust of Appearance | 4 | |
| Ivory Tower | 2 | |
| Lesser Clarity Potion | 2 | |
| Scroll of Regeneration | 1 | |
| Potion of Healing | 1 | |
| Scroll of Town Portal | 1 | |
13 total
team 2 (winner)
Rush[yyz] (
blue | 136 APM | 2297 actions | 16:52)
6 Warden
3 Shadow Strike
2 Fan of Knives
1 Spirit of Vengeance
» actions
| Assign group hotkey | 60 | |
| Basic commands | 149 | |
| Build / train | 69 | |
| Enter build submenu | 14 | |
| Enter hero's abilities submenu | 6 | |
| Right click | 1045 | |
| Select / deselect | 273 | |
| Select group hotkey | 553 | |
| Use ability | 128 | |
2297 total
» units
| Wisp | 26 | |
| Archer | 2 | |
| Huntress | 7 | |
| Druid of the Claw | 4 | |
| Dryad | 2 | |
41 total
» upgrades
| Ultravision | 1 | |
| Strength of the Wild | 2 | |
| Sentinel | 1 | |
| Druid of the Claw Training | 2 | |
| Reinforced Hides | 1 | |
| Well Spring | 1 | |
| Abolish Magic | 1 | |
9 total
» buildings
| Altar of Elders | 1 | |
| Moon Well | 6 | |
| Ancient of War | 2 | |
| Hunter's Hall | 1 | |
| Ancient of Wonders | 1 | |
| Tree of Ages | 2 | |
| Tree of Life | 1 | |
| Ancient of Lore | 2 | |
| Tree of Eternity | 1 | |
17 total
» build order
00:07 Altar of Elders
00:21 Moon Well
00:44 Ancient of War
01:41 Moon Well
03:04 Hunter's Hall
03:07 Ancient of War
03:10 Moon Well
03:14 Ancient of Wonders
03:21 Moon Well
07:14 Tree of Ages
07:14 Tree of Ages
09:20 Moon Well
09:21 Moon Well
09:38 Tree of Life
10:33 Ancient of Lore
10:35 Ancient of Lore
11:17 Tree of Eternity
» items
| Lesser Clarity Potion | 3 | |
| Scroll of Town Portal | 1 | |
| Potion of Healing | 1 | |
| Potion of Mana | 1 | |
6 total
Chat log
(16:32 / All) rob[u]st: so annoying playing hackers